 Dungeon Crawl Stone Soup version 0.20.1-1-g8b1a95d (webtiles) character file.

330 letownia2 the Reanimator (level 6, 24/49 HPs)
             Began as a Deep Dwarf Necromancer on Dec 21, 2017.
             Quit the game on level 6 of the Dungeon.
             The game lasted 00:05:23 (2776 turns).

letownia2 the Reanimator (Deep Dwarf Necromancer)   Turns: 2776, Time: 00:05:24

Health: 24/49      AC:  5    Str: 12    XL:     6   Next: 26%
Magic:  9/9        EV: 11    Int: 17    God:
Gold:   178        SH:  0    Dex: 13    Spells: 5/9 levels left

rFire    . . .     SeeInvis .   m - +0 dagger
rCold    . . .     Gourm    .   (no shield)
rNeg     . . .     Faith    .   i - +0 ring mail
rPois    .         Spirit   .   (no helmet)
rElec    .         Reflect  .   (no cloak)
rCorr    .         Harm     .   (no gloves)
MR       .....                  (no boots)
Stlth    +.........             (no amulet)
Regen    0.0/turn               (no ring)
MPRegen  0.2/turn               (no ring)

@: starving, non-regenerating
A: damage resistance, heal wounds, sense surroundings 1, no regeneration
a: Heal Wounds


You were on level 6 of the Dungeon.
You were starving.

You visited 1 branch of the dungeon, and saw 6 of its levels.

You collected 178 gold pieces.

Inventory:

Hand Weapons
 k - a +0 hand axe
 m - a +0 dagger (weapon)
 t - a +0 quarterstaff
Missiles
 o - 6 tomahawks (quivered)
Armour
 a - a +0 robe
 f - a +0 leather armour
 i - a +0 ring mail (worn)
Wands
 p - a wand of flame (6/48)
Scrolls
 g - 4 scrolls of identify {unknown}
 h - 2 scrolls of recharging {unknown}
 j - a scroll of fog {unknown}
 q - a scroll of noise {unknown}
 s - a scroll of torment {unknown}
 u - a scroll of blinking {unknown}
Potions
 d - 2 potions of magic {unknown}
 e - 3 potions of heal wounds {unknown}
 l - a potion of curing {unknown}
 r - a potion of invisibility {unknown}
 v - a potion of flight {unknown}
Books
 b - a book of Necromancy

   Spells                             Type                      Level
   a - Pain                           Necromancy                   1
   b - Animate Skeleton               Necromancy                   1
   c - Vampiric Draining              Necromancy                   3
   d - Regeneration                   Charms/Necromancy            3
   e - Animate Dead                   Necromancy                   4
   f - Control Undead                 Necromancy                   4
Comestibles
 c - 5 bread rations
 n - 3 royal jellies


   Skills:
 - Level 2.1 Dodging
 - Level 2.4 Stealth
 - Level 2.2 Spellcasting
 + Level 8.1 Necromancy


You had 5 spell levels left.
You knew the following spells:

 Your Spells              Type           Power        Failure   Level  Hunger
a - Pain                  Necr           ####         1%          1    #......
v - Vampiric Draining     Necr           ####......   4%          3    ###....


Dungeon Overview and Level Annotations

Branches:
Dungeon (6/15)
 Temple: D:4-7

Altars:

Shops:
D:4 ?   D:5 }


Innate Abilities, Weirdness & Mutations

You are resistant to damage.
You can heal yourself by infusing magical energy.
You passively map a small area around you.
You do not regenerate.


Message History

The quasit closely misses you. The quasit claws you.
The quasit barely misses you. x2
The quasit claws you but does no damage.
A quasit is nearby!
A quasit is nearby!
A quasit is nearby!
The quasit bites you. The quasit barely misses you.
The quasit claws you but does no damage.
The quasit bites you but does no damage.
The quasit claws you.
The quasit claws you but does no damage.
The quasit closely misses you.
The quasit claws you but does no damage.
The quasit closely misses you.
Wear which item? (? for menu, Esc to quit)
Okay, then.
You aren't carrying any pieces of jewellery.
Unknown command.
Okay, then.
Are you sure you want to abandon this character and quit the game? (Confirm with "yes".)

#########
*
#@.......
,
#5#######
#.# #.# *
#.# #.# *
#.# * #.#
** #.#


You could see a quasit.

Vanquished Creatures
  An ice beast (D:5)
  An ogre (D:5)
  A howler monkey (D:4)
  2 worker ants (D:4)
  3 gnolls
  2 adders
  An ooze (D:4)
  An adder skeleton (D:5)
  A leopard gecko (D:4)
  3 orcs
  5 giant cockroaches
  A goblin (D:3)
  4 hobgoblins
  A kobold (D:3)
  A rat (D:3)
28 creatures vanquished.

Notes
Turn   | Place    | Note
-------+----------+-------------------------------------------
     0 | D:1      | letownia2 the Deep Dwarf Necromancer began the quest for the Orb.
     0 | D:1      | Reached XP level 1. HP: 15/15 MP: 3/3
   268 | D:1      | Reached XP level 2. HP: 17/22 MP: 1/5
   381 | D:2      | Reached skill level 5 in Necromancy
   476 | D:2      | Reached XP level 3. HP: 18/28 MP: 1/6
   531 | D:2      | Learned a level 3 spell: Vampiric Draining
  1068 | D:4      | Found Elez Nejie's Magic Scroll Boutique.
  1100 | D:4      | Reached skill level 6 in Necromancy
  1100 | D:4      | Reached XP level 4. HP: 23/36 MP: 0/7
  1895 | D:4      | Reached XP level 5. HP: 31/42 MP: 2/8
  2079 | D:5      | Entered Level 5 of the Dungeon
  2092 | D:5      | Noticed an ice beast
  2099 | D:5      | Killed an ice beast
  2099 | D:5      | Reached skill level 7 in Necromancy
  2620 | D:5      | Noticed an ogre
  2673 | D:5      | Killed an ogre
  2673 | D:5      | Reached skill level 8 in Necromancy
  2673 | D:5      | Reached XP level 6. HP: 22/49 MP: 0/9
  2713 | D:5      | Found Dinnurosk's Gadget Shop.
  2776 | D:6      | Quit the game

Skill      XL: |  1  2  3  4  5 |
---------------+----------------+-----
Spellcasting   | 2 |  2.2
Necromancy     | 5 6 8 |  8.1
Dodging        | |  2.1
Stealth        | |  2.4

Action                   |  1- 3 |  4- 6 || total
-------------------------+-------+-------++-------
Melee: Unarmed           |    17 |       ||    17
       Dagger            |     4 |    17 ||    21
Throw: Tomahawk          |       |     1 ||     1
 Cast: Pain              |    33 |    27 ||    60
       Vampiric Draining |     3 |    10 ||    13
  Eat: Chunk             |     1 |     5 ||     6
Armor: Robe              |     2 |       ||     2
       Leather armour    |     4 |     2 ||     6
       Ring mail         |       |    16 ||    16
Dodge: Dodged            |    24 |    35 ||    59
